 Dungeon Crawl Stone Soup version 0.30.1-11-g7821555f0a (webtiles) character file.

Game seed: 7234472442833503167

323 Wiggles the Chopper (level 6, -6/55 HPs)
             Began as a Minotaur Berserker on Dec 8, 2023.
             Was a Priest of Trog.
             Killed by divine providence
             ... invoked by an orc priest
              (9 damage)
             ... on level 4 of the Dungeon.
             The game lasted 00:04:02 (2526 turns).

Wiggles the Chopper (Minotaur Berserker)            Turns: 2526, Time: 00:04:03

Health: -6/55      AC: 11    Str: 23    XL:     6   Next: 23%
Magic:  5/5        EV:  9    Int:  4    God:    Trog [***...]
Gold:   167        SH:  0    Dex: 10    Spells: 5/5 levels left

rFire   . . .        a - +0 hand axe
rCold   . . .        (no shield)
rNeg    . . .        g - +0 chain mail
rPois   .            (helmet restricted)
rElec   .            (no cloak)
rCorr   .            c - +0 pair of gloves
SInv    .            (no boots)
Will    .....        (no amulet) Stlth
                     (no ring)
HPRegen 0.29/turn    (no ring)
MPRegen 0.09/turn

%: no passive effects
@: on berserk cooldown, slowed, very slow
A: horns 2, retaliatory headbutt
a: Renounce Religion, Berserk, Trog's Hand


You were on level 4 of the Dungeon.
You worshipped Trog.
Trog was most pleased with you.
You visited 1 branch of the dungeon, and saw 4 of its levels.

You collected 167 gold pieces.

Inventory:

Hand Weapons
 a - a +0 hand axe (weapon)
Armour
 c - a +0 pair of gloves (worn)
 g - a +0 chain mail (worn)
Scrolls
 d - 4 scrolls of identify
 e - 3 scrolls of teleportation {unknown}
 f - a scroll of enchant armour {unknown}
 h - a scroll of magic mapping {unknown}
 i - a scroll of blinking {unknown}
 j - a scroll of noise {unknown}
 k - a scroll of silence {unknown}
 l - a scroll of fog {unknown}
 n - a scroll of vulnerability {unknown}
Potions
 b - 2 potions of curing
 m - a potion of berserk rage


   Skills:
 + Level 4.9 Fighting
 + Level 5.7 Axes
 + Level 5.1 Armour
 + Level 3.0 Dodging
 + Level 0.1 Stealth


You had 5 spell levels left.
You didn't know any spells.
Your spell library was empty.

Dungeon Overview and Level Annotations

Branches:
Dungeon (4/15)             Temple (0/1) D:4

Altars:
Sif Muna
Yredelemnul

Shops:
D:1 [


Innate Abilities, Weirdness & Mutations

You have a pair of horns on your head.
You reflexively headbutt those who attack you in melee.


Message History

Beogh smites you!
* * * LOW HITPOINT WARNING * * *
You slash the orc priest! Your headbutt misses the orc priest.
The orc priest is almost dead.
You barely miss the orc priest. You slash the orc priest!
You kill the orc priest!
Trog accepts your kill.
You closely miss the orc priest.
A gnoll comes into view. It is wielding a +0 spear.
Your Armour skill increases to level 5!
Your Dodging skill increases to level 3!
You have reached level 6!
You closely miss the orc priest. You headbutt the orc priest!
The orc priest is almost dead.
The orc priest calls down the wrath of Beogh upon you.
Pain shoots through your body!
* * * LOW HITPOINT WARNING * * *
The orc priest hits you with a +0 club.
* * * LOW HITPOINT WARNING * * *
You slash the orc priest!
You kill the orc priest!
Trog accepts your kill.
Things that are here:
a +0 club; a +0 falchion
Found a staircase to the Ecumenical Temple.
You feel a strong urge to attack something.
The orc priest hits you but does no damage.
A gnoll bouda comes into view. It is wielding a +0 whip.
You are no longer berserk.
You are exhausted.
You feel yourself slow down.
The gnoll bouda shouts!
You hear a shout! 2 gnolls come into view.
The gnoll shouts! x2
The orc priest closely misses you. The gnoll barely misses you.
The gnoll hits you but does no damage.
The orc priest invokes the aid of Beogh against you.
Beogh smites you!
You die...

..##..............<.#
.###.................
..................... .
.#..............#..# ..
.##........#.......# .g.
.##........#†......#..g.
.......###.......##...#
.....####....)...g....#
.......##..#.).g@#...
.......##.####.o.#
...........#........♣
............>.###....>
.........#....# ...♣.♣
...............# ......
....#............#...##
....#.#.#........ #...
......###...#....


You could see a gnoll bouda, an orc priest and 3 gnolls.

Vanquished Creatures
  3 orc priests
  An iguana (D:4)
  3 orc wizards (D:3)
  A howler monkey zombie (D:3)
  3 adders
  2 worms (D:3)
  9 orcs
  5 endoplasms
  4 giant cockroaches
  11 goblins
  6 hobgoblins
  10 jackals
  3 kobolds
  A quokka (D:2)
  2 ball pythons
  7 bats
  5 frilled lizards
  A giant cockroach zombie (D:3)
  7 rats
84 creatures vanquished.

Notes
Turn   | Place    | Note
-------+----------+-------------------------------------------
     0 | D:1      | Wiggles the Minotaur Berserker began the quest for the Orb.
     0 | D:1      | Reached XP level 1. HP: 19/19 MP: 0/0
   185 | D:1      | Reached XP level 2. HP: 27/27 MP: 1/1
   292 | D:1      | Found Paadgh's Antique Armour Shop.
   670 | D:2      | Reached ** piety under Trog
   678 | D:2      | Reached XP level 3. HP: 25/33 MP: 2/2
  1412 | D:3      | Found a shimmering blue altar of Sif Muna.
  1471 | D:3      | Reached XP level 4. HP: 20/41 MP: 3/3
  1610 | D:3      | Reached XP level 5. HP: 42/47 MP: 4/4
  1797 | D:3      | Found a basalt altar of Yredelemnul.
  1906 | D:3      | Reached *** piety under Trog
  1907 | D:3      | Reached skill level 5 in Axes
  2521 | D:4      | Reached skill level 5 in Armour
  2521 | D:4      | Reached XP level 6. HP: 19/55 MP: 5/5
  2521 | D:4      | HP: 3/82 [orc priest/+0 club (2)]
  2524 | D:4      | Found a staircase to the Ecumenical Temple.
  2526 | D:4      | Killed from afar by an orc priest

Illustrated notes

Levels and vault maps discovered:
D:1:      elethiomel_arrival_infinity_welcomes_careful_drivers, layout_rooms,
          serial_shops, nicolae_shop_getting_attention, reono_crystal_passage,
          chequers_serial_rivers_room_b
D:2:      layout_loops_cross, minmay_pentomino_q2
D:3:      layout_basic, lemuel_zombie_altar_yredelemnul, lemuel_tele_altar
D:4:      minmay_bubble_buster, layout_cave_pools, chei_slow_surprise,
          jmf_multi_god_temple, minmay_temple_entry_trees

Skill      XL: |  1  2  3  4  5 |
---------------+----------------+-----
Fighting       | 4 |  4.9
Axes           | 4 5 |  5.7
Armour         | 3 4 5 |  5.1
Dodging        | 3 |  3.0
Stealth        | |  0.1

Action                     |  1- 3 |  4- 6 || total
---------------------------+-------+-------++-------
  Melee: Hand axe          |    89 |    90 ||   179
         Headbutt          |    16 |    12 ||    28
         Punch             |       |     1 ||     1
 Invoke: Berserk           |       |     2 ||     2
    Use: Scroll            |     2 |     1 ||     3
 Armour: Scale mail        |    10 |       ||    10
         Chain mail        |    32 |    52 ||    84
  Dodge: Dodged            |    41 |    38 ||    79
